 Dungeon Sprint DCSS version 0.26-a0-639-g72c4674329 (webtiles) character file.

Game seed: 2268050465605465103

263 Hipnos the Covert (level 6, -4/55 HPs)
             Began as a Naga Enchanter on Sept 16, 2020.
             Slain by a slime creature (19 damage)
             ... in the Dungeon (Sprint I: "Red Sonja").
             The game lasted 00:02:50 (342 turns).

Hipnos the Covert (Naga Enchanter)                   Turns: 342, Time: 00:02:50

Health: -4/55      AC:  3    Str: 10    XL:     6   Next: 19%
Magic:  6/12       EV: 10    Int: 16    God:
Gold:   162        SH:  0    Dex: 13    Spells: 4/13 levels left

rFire    . . .     SeeInvis +   a - +1 dagger
rCold    . . .     Faith    .   (no shield)
rNeg     . . .     Spirit   .   h - +0 leather armour
rPois    +         Reflect  .   (no helmet)
rElec    .         Harm     .   (no cloak)
rCorr    .         Rampage  .   (no gloves)
MR       .....     NoTele   +   (no barding)
Stlth    ++++......             (no amulet)
HPRegen  0.18/turn              (no ring)
MPRegen  0.13/turn              (no ring)

@: confusing touch, very slow
A: large, see invisible, deformed body, poison resistance, slowness 2, spit
poison 1, AC +2
a: Spit Poison


You were in the Dungeon.
You visited 1 branch You collected 162 gold pieces.

Inventory:

Hand Weapons
 a - a +1 dagger (weapon)
Armour
 b - a +0 robe
 h - a +0 leather armour (worn)
Wands
 c - a wand of random effects (14)
Scrolls
 i - a scroll of blinking
Potions
 g - 2 potions of magic


   Skills:
 + Level 2.5 Fighting
 * Level 5.4 Short Blades
 + Level 1.0 Armour
 + Level 3.6 Dodging
 + Level 10.6 Stealth
 + Level 4.1 Spellcasting
 + Level 7.0 Hexes


You had 4 spell levels left.
You knew the following spells:

 Your Spells              Type           Power        Failure   Level
a - Corona                Hex            ####...      1%          1
b - Ensorcelled Hibernat  Hex/Ice        ##....       9%          2
c - Confusing Touch       Hex            ####....     3%          3
d - Dazzling Flash        Conj/Hex       ##....       16%         3

Your spell library contained the following spells:

 Spells                   Type           Power        Failure   Level
 Tukima's Dance           Hex            ####....     3%          3


Dungeon Overview and Level Annotations

Branches:
Dungeon (1/1)

Altars:
Makhleb
Xom
Jiyva
Lugonu


Innate Abilities, Weirdness & Mutations

You cannot wear boots.
Your serpentine skin is tough. (AC +2)
You have supernaturally acute eyesight. (SInv)
Armour fits poorly on your strangely shaped body.
Your system is resistant to poisons. (rPois)
You cover ground very slowly.
You can spit poison.


Message History

Okay, then.
Casting: Corona (safe; 1% risk of failure)
Confirm with . or Enter, or press ? or * to list all spells.
Aiming: Ensorcelled Hibernation (safe; 9% risk of failure)
Press: ? - help, Shift-Dir - straight line, f - slime creature
Aim: a slime creature (chance to defeat MR: 28%)
The slime creature looks drowsy...
The slime creature hits you!! x2
* * * LOW HITPOINT WARNING * * *
There is an open door, spattered with blood here.
Okay, then.
Casting: Ensorcelled Hibernation (safe; 9% risk of failure)
Confirm with . or Enter, or press ? or * to list all spells.
Press: ? - help, Shift-Dir - straight line, f/p - slime creature
Aim: a slime creature (not susceptible)
Okay, then.
Casting: Ensorcelled Hibernation (safe; 9% risk of failure)
Confirm with . or Enter, or press ? or * to list all spells.
Your hands begin to glow red.
The slime creature hits you!!
You die...

###################
#<.#.÷'..#.)'..#__#
#..)..#..'..#..@J.+
#..#####'#####+#__#
#..# #..# ### #..#
#### #..# #⌠⌠# ####


You could see a slime creature.

Vanquished Creatures
  Sigmund (D)
  An ogre (D)
  Ijyb (D)
3 creatures vanquished.

Notes
Turn   | Place    | Note
-------+----------+-------------------------------------------
     0 | D        | Hipnos the Naga Enchanter began the quest for the Orb.
     0 | D        | Reached XP level 1. HP: 15/15 MP: 3/3
     1 | D        | Noticed Ijyb
    10 | D        | Killed Ijyb
    10 | D        | Reached skill level 6 in Stealth
    10 | D        | Reached XP level 2. HP: 18/24 MP: 3/5
    10 | D        | Reached XP level 3. HP: 23/30 MP: 4/7
   259 | D        | Noticed an ogre
   297 | D        | Killed an ogre
   297 | D        | Reached skill level 1 in Fighting
   297 | D        | Reached skill level 8 in Stealth
   297 | D        | Reached skill level 5 in Hexes
   297 | D        | Reached XP level 4. HP: 38/38 MP: 9/9
   315 | D        | Learned a level 2 spell: Ensorcelled Hibernation
   319 | D        | Learned a level 3 spell: Confusing Touch
   323 | D        | Learned a level 3 spell: Dazzling Flash
   323 | D        | Noticed Sigmund
   326 | D        | Killed Sigmund
   326 | D        | Reached skill level 5 in Short Blades
   326 | D        | Reached skill level 1 in Armour
   326 | D        | Reached skill level 10 in Stealth
   326 | D        | Reached XP level 5. HP: 46/46 MP: 9/11
   326 | D        | Reached XP level 6. HP: 55/55 MP: 9/12
   339 | D        | Found a burning altar of Makhleb.
   339 | D        | Found a viscous altar of Jiyva.
   339 | D        | Found a shimmering altar of Xom.
   339 | D        | Found a corrupted altar of Lugonu.
   339 | D        | Noticed a slime creature
   342 | D        | Slain by a slime creature

Illustrated notes

Levels and vault maps discovered:
D:        dungeon_sprint_1 [red_sonja_temple_1, red_sonja_temple_small_1]

Skill      XL: |  1  2  3  4 |
---------------+-------------+-----
Short Blades   | 2 4 5 |  5.4
Dodging        | 2 3 |  3.6
Stealth        | 6 8 10 | 10.6
Hexes          | 4 5 7 |  7.0
Fighting       | 1 2 |  2.5
Spellcasting   | 3 4 |  4.1
Armour         | 1 |  1.0

Action                   |  1- 3 |  4- 6 || total
-------------------------+-------+-------++-------
Melee: Dagger            |    13 |     1 ||    14
 Cast: Confusing Touch   |       |     1 ||     1
       Ensorcelled Hiber |       |     1 ||     1
 Abil: Spit Poison       |     1 |     1 ||     2
  Use: Potion            |     4 |       ||     4
 Stab: Sleeping          |     1 |     1 ||     2
Dodge: Dodged            |     5 |       ||     5

Table legend: (Time is in decaauts)
 A = Elapsed time spent in this place.
 B = Non-inter-level travel time spent in this place.
 C = Inter-level travel time spent in this place.
 D = Time resting spent in this place.
 E = Time spent auto-exploring this place.
 F = Levels seen in this place.
 G = Mean time per level.
                   A        B        C        D        E       F      G
               +--------+--------+--------+--------+--------+-----+--------+
         Total |    345 |    345 |      0 |    242 |      0 |   1 |  345.0 |
       Dungeon |    345 |    345 |      0 |    242 |      0 |   1 |  345.0 |
               +--------+--------+--------+--------+--------+-----+--------+

Top non-repeatable levels by time:
       D: 345 daAuts
